Selects Luftwaffe Battlegroup
Selects Luftwaffe Pioneer Support
Fallschirmpioneer Squad Paradrop
Construct Infanterie Kompanie
Fallschirmpioneer Squad Paradrop
Fallschirmpioneer Squad Paradrop
Fallschirmpioneer Squad Paradrop
Selects Stuka Strafing Run
Selects LG40 Recoilless Gun Paradrop
Construct Panzergrenadier Kompanie
LG40 Recoilless Gun Paradrop
Construct Panzer Kompanie
Selects Fallschirmjäger Squad Paradrop
Selects Fragmentation Bombs
Selects Infantry Reserves
Pak 40 Anti-tank Gun Team